 Dungeon Crawl Stone Soup version 0.24.0-13-gcf9b319 (webtiles) character file.

Game seed: 2356826861572637294, levelgen mode: deterministic

401 Fang the Skirmisher (level 6, -6/60 HPs)
             Began as a Gargoyle Berserker on Nov 25, 2019.
             Was a Priest of Trog.
             Killed by divine providence
             ... invoked by an orc priest
              (14 damage)
             ... on level 4 of the Dungeon.
             The game lasted 00:03:12 (3644 turns).

Fang the Skirmisher (Gargoyle Berserker)            Turns: 3644, Time: 00:03:13

Health: -6/60      AC: 15    Str: 27    XL:     6   Next: 85%
Magic:  6/6        EV:  9    Int:  8    God:    Trog [***...]
Gold:   233        SH:  0    Dex:  9    Spells: 5/5 levels left

rFire    . . .     SeeInvis .   a - +0 hand axe
rCold    . . .     Gourm    .   (no shield)
rNeg     + . .     Faith    .   b - +0 chain mail
rPois    ∞         Spirit   .   (no helmet)
rElec    +         Reflect  .   (no cloak)
rCorr    .         Harm     .   p - +0 pair of gloves (curse)
MR       .....                  (no boots)
Stlth    ..........             m - amulet of the acrobat
HPRegen  0.20/turn              (no ring)
MPRegen  0.10/turn              (no ring)

@: berserking, very quick
A: negative energy resistance 1, electricity resistance, unbreathing,
petrification resistance, rot immunity, AC +4
a: Berserk, Trog's Hand, Renounce Religion


You were on level 4 of the Dungeon.
You worshipped Trog.
Trog was most pleased with you.
You were hungry.

You visited 1 branch of the dungeon, and saw 4 of its levels.

You collected 233 gold pieces.

Inventory:

Hand Weapons
 a - a +0 hand axe (weapon)
Armour
 b - a +0 chain mail (worn)
 p - a cursed +0 pair of gloves (worn)
Jewellery
 m - an amulet of the acrobat (around neck)
 q - a +2 ring of evasion {unknown}
Scrolls
 d - a scroll of amnesia {unknown}
 h - 2 scrolls of identify {unknown}
 i - a scroll of magic mapping {unknown}
 j - a scroll of enchant armour {unknown}
 o - 2 scrolls of teleportation {unknown}
 r - a scroll of fog {unknown}
 s - a scroll of remove curse {unknown}
Potions
 e - a potion of agility {unknown}
 f - 3 potions of cancellation {unknown}
 g - 2 potions of degeneration {unknown}
 k - 3 potions of might {unknown}
 l - a potion of brilliance {unknown}
 n - a potion of resistance {unknown}
 t - a potion of haste {unknown}
 u - a potion of mutation {unknown}
 v - a potion of flight {unknown}
Comestibles
 c - 9 rations
 w - a chunk of flesh


   Skills:
 + Level 4.9 Fighting
 + Level 4.1 Axes
 + Level 4.2 Armour
 + Level 3.1 Dodging


You had 5 spell levels left.
You didn't know any spells.
Your spell library was empty.

Dungeon Overview and Level Annotations

Branches:
Dungeon (4/15)             Temple (0/1) D:4

Altars:
Cheibriados
Fedhas
Makhleb


Innate Abilities, Weirdness & Mutations

You are resistant to torment.
Your stone body is resilient. (AC +4)
You are immune to poison.
You resist negative energy. (rN+)
You are resistant to electric shocks. (rElec)
You can survive without breathing.
You are immune to petrification.
You are immune to rotting.


Message History

You are too injured to fight recklessly!
You are too injured to fight recklessly!
You are too injured to fight recklessly!
You are too injured to fight recklessly!
You are too injured to fight recklessly!
You are too injured to fight recklessly!
A red film seems to cover your vision as you go berserk!
You feel yourself moving faster!
You feel mighty!
You are feeling hungry.
The orc priest hits you but does no damage.
You closely miss the orc priest.
The orc priest is heavily wounded.
Your chain mail prevents you from hitting the orc priest.
The orc priest is heavily wounded.
The orc priest hits you but does no damage.
You closely miss the orc priest.
The orc priest is heavily wounded.
The orc priest invokes the aid of Beogh against you.
Beogh smites you!
You die...

..# ..#.#.# ##...##
...... .....#.# #...#
>.........###.#####...#
.......##. >........#
.......# ..##....#####
.......# ##.....<.#
.......# # ##...###.#
#####.##......#.#
#.....o@....#.#.#
#....####.#.#.#.#######
.!. #.>............ #
#..........#...
#......÷...#
#..............
#.........#####
#.......).# ####......#


You could see an orc priest.

Vanquished Creatures
  A phantom (D:4)
  2 hounds
  Natasha (D:4)
  Terence (D:3)
  A worker ant (D:4)
  Robin (D:4)
  A gnoll (D:3)
  5 adders
  2 oozes
  A worm (D:3)
  A dart slug (D:1)
  4 leopard geckos
  14 orcs
  3 giant cockroaches
  14 goblins
  6 hobgoblins
  3 jackals
  A ball python (D:2)
  12 bats
  5 frilled lizards
  11 kobolds
  8 rats
98 creatures vanquished.

Notes
Turn   | Place    | Note
-------+----------+-------------------------------------------
     0 | D:1      | Fang the Gargoyle Berserker began the quest for the Orb.
     0 | D:1      | Reached XP level 1. HP: 14/14 MP: 1/1
    86 | D:1      | Reached XP level 2. HP: 8/19 MP: 2/2
   419 | D:1      | Reached XP level 3. HP: 21/23 MP: 3/3
   703 | D:2      | Reached XP level 4. HP: 17/29 MP: 4/4
   903 | D:2      | Found a blossoming altar of Fedhas.
   974 | D:2      | Reached ** piety under Trog
  1042 | D:2      | Found a burning altar of Makhleb.
  1254 | D:2      | Found a snail-covered altar of Cheibriados.
  1723 | D:3      | Reached XP level 5. HP: 25/33 MP: 5/5
  1967 | D:3      | Noticed Terence
  1982 | D:3      | Killed Terence
  2810 | D:3      | Reached *** piety under Trog
  2933 | D:4      | Reached XP level 6. HP: 17/39 MP: 6/6
  3316 | D:4      | Noticed a phantom
  3322 | D:4      | Found a staircase to the Ecumenical Temple.
  3330 | D:4      | Noticed Robin
  3343 | D:4      | HP: 1/39 [phantom (6)]
  3363 | D:4      | Killed Robin
  3370 | D:4      | Killed a phantom
  3423 | D:4      | Noticed Natasha
  3439 | D:4      | Killed Natasha
  3644 | D:4      | Killed from afar by an orc priest

Levels and vault maps discovered:
D:1:      dpeg_arrival_solitude, layout_rooms
D:2:      layout_basic, lemuel_crystal_altar, cheibriados_altar_1, first_ration,
          fedhas_ov_isle_minmay
D:3:      minmay_chambers_of_twos, layout_basic, uniq_terence
D:4:      layout_rooms, grunt_temple_overflow_open, kiku_gazebo_pond_becter,
          uniq_natasha, uniq_robin

Skill      XL: |  1  2  3  4  5  6 |
---------------+-------------------+-----
Axes           | 3 4 |  4.1
Dodging        | 2 3 |  3.1
Armour         | 3 4 |  4.2
Fighting       | 4 |  4.9

Action                   |  1- 3 |  4- 6 || total
-------------------------+-------+-------++-------
Melee: Hand axe          |    76 |   277 ||   353
Invok: Berserk           |     1 |     5 ||     6
       Trog's Hand       |       |     1 ||     1
  Eat: Chunk             |       |    15 ||    15
Armor: Animal skin       |    34 |    65 ||    99
       Chain mail        |       |    62 ||    62
Dodge: Dodged            |    57 |   224 ||   281
